 Dungeon Crawl Stone Soup version 0.26.1-11-gd32895ea62 (webtiles) character file.

Game seed: 1826050957522043894

281 Tirrikindir the Cutter (level 6, -2/41 HPs)
             Began as a Halfling Warper on June 3, 2021.
             Was an Initiate of Okawaru.
             Splashed by a jelly's acid (4 damage)
             ... on level 5 of the Dungeon.
             The game lasted 00:13:26 (5145 turns).

Tirrikindir the Cutter (Halfling Warper)            Turns: 5145, Time: 00:13:27

Health: -2/41      AC: -13   Str: 12    XL:     6   Next: 53%
Magic:  9/9        EV: 15    Int: 12    God:    Okawaru [......]
Gold:   284        SH:  0    Dex: 15    Spells: 9/9 levels left

rFire    . . .     SeeInvis .   a - +2 short sword
rCold    . . .     Faith    .   (shield restricted)
rNeg     . . .     Spirit   .   b - +1 leather armour
rPois    .         Reflect  .   (no helmet)
rElec    .         Harm     .   g - +0 cloak
rCorr    .         Rampage  .   (no gloves)
Will     .....                  o - +0 pair of boots
Stlth    ++........             (no amulet)
HPRegen  0.13/turn              s - ring of flight
MPRegen  0.11/turn              (no ring)

@: corroded
A: small, mutation resistance 1
a: Renounce Religion, Evoke Flight


You were on level 5 of the Dungeon.
You worshipped Okawaru.
Okawaru was noncommittal.
You visited 1 branch of the dungeon, and saw 5 of its levels.

You collected 284 gold pieces.

Inventory:

Hand Weapons
 a - a +2 short sword (weapon)
 i - a +0 hunting sling
Missiles
 c - 142 stones (quivered)
Armour
 b - a +1 leather armour (worn)
 g - a +0 cloak (worn)
 o - a +0 pair of boots (worn)
 p - a +0 kite shield
Jewellery
 k - an uncursed ring of ice
 s - a ring of flight (left hand)
Scrolls
 d - a scroll of blinking
 h - 2 scrolls of remove curse
 m - a scroll of teleportation
 w - a scroll of fog
Potions
 e - a potion of heal wounds
 j - a potion of brilliance
 l - a potion of invisibility
 n - a potion of curing
 q - a potion of ambrosia
 t - a potion of magic
 u - a potion of lignification
 v - a potion of mutation {unknown}


   Skills:
 + Level 2.5 Fighting
 * Level 4.2 Short Blades
 + Level 1.5 Throwing
 + Level 2.1 Armour
 + Level 2.9 Dodging
 * Level 2.9 Stealth
 - Level 2.0 Spellcasting
 + Level 3.9 Translocations
 + Level 0.8 Invocations


You had 9 spell levels left.
You didn't know any spells.
Your spell library contained the following spells:

 Spells                   Type           Power        Failure   Level
 Blink                    Tloc           N/A          11%         2
 Gell's Gravitas          Tloc           5%           21%         3
 Lesser Beckoning         Tloc           5%           21%         3
 Teleport Other           Tloc           10%          21%         3
 Passage of Golubria      Tloc           N/A          56%         4


Dungeon Overview and Level Annotations

Branches:
Dungeon (5/15)             Temple (0/1) D:5

Altars:
Cheibriados
Gozag
Nemelex Xobeh
Okawaru
Xom


Innate Abilities, Weirdness & Mutations

You are small and have problems with some larger weapons.
You are somewhat resistant to further mutation.


Message History

The jelly is lightly wounded.
The jelly closely misses you.
You hit the jelly but do no damage.
Your hands burn!
The jelly is lightly wounded.
The jelly barely misses you.
You hit the jelly. The acid corrodes you!
Your hands burn!
The jelly is moderately wounded.
The jelly misses you.
You hit the jelly.
Your hands burn!
The jelly is heavily wounded.
The jelly misses you.
You hit the jelly but do no damage.
Your hands burn!
* * * LOW HITPOINT WARNING * * *
The jelly is heavily wounded.
The jelly hits you.
* * * LOW HITPOINT WARNING * * *
The acid corrodes you!
You are splashed with acid!
* * * LOW HITPOINT WARNING * * *
You hit the jelly but do no damage.
Your hands burn!
You die...

#.##.....##.**.+##****** *,,,*
#.###.##.##.##...## *,*,* #.#
#.......#.....## **,,,*
#.###.##.###.......## **,*,**
#........##.........#***,,,,*****
..........'.........+,,,,,,,,,,,,
####...#.##.........#***,,,,,,***
.#.......###.....###*****,,,,,,,*
.##...##'# ##...@J.+,,***,,,,,,,*
.♣#####♣.♣ ##...###,,,**,,,,,,,*
...###...#***#...#**,,,***,,,,***
#..†....##,,,#...+,+,_,****,,,*
##..>..##***,#...#**,,,** **,**
##♣.♣##,* *,#...#**,,,** *,*
###**,***,#...+,+,,*** *,*
*,*,,,,,....#****** *,*
******,*,***,#...# *** *,*


You could see a jelly.

Vanquished Creatures
  A howler monkey (D:3)
  A hound (D:5)
  3 gnolls (D:4)
  10 adders
  An ooze (D:2)
  5 worms
  3 leopard geckos
  2 orcs (D:3)
  2 ball pythons
  10 bats
  3 giant cockroaches
  6 goblins
  4 hobgoblins
  4 jackals (D:1)
  4 kobolds
  2 quokkas
  6 frilled lizards
  A leopard gecko zombie (D:5)
  A quokka zombie (D:5)
  9 rats
78 creatures vanquished.

Vanquished Creatures (others)
  13 plants (D:1)
13 creatures vanquished.

Grand Total: 91 creatures vanquished

Notes
Turn   | Place    | Note
-------+----------+-------------------------------------------
     0 | D:1      | Tirrikindir the Halfling Warper began the quest for the
                  | Orb.
     0 | D:1      | Reached XP level 1. HP: 14/14 MP: 3/3
   175 | D:1      | Reached XP level 2. HP: 17/19 MP: 4/4
   188 | D:1      | Reached skill level 1 in Stealth
   316 | D:1      | Found a snail-covered altar of Cheibriados.
   931 | D:2      | Reached XP level 3. HP: 4/24 MP: 5/5
   972 | D:2      | Reached skill level 3 in Short Blades
  1366 | D:2      | Reached XP level 4. HP: 22/29 MP: 6/6
  2180 | D:2      | Reached XP level 5. HP: 28/34 MP: 7/7
  3029 | D:3      | Found an iron altar of Okawaru.
  3046 | D:3      | Became a worshipper of Warmaster Okawaru
  3817 | D:4      | Reached XP level 6. HP: 8/41 MP: 9/9
  4104 | D:4      | Reached skill level 4 in Short Blades
  4411 | D:4      | Found a shimmering altar of Xom.
  4411 | D:4      | Found an opulent altar of Gozag.
  4411 | D:4      | Found a sparkling altar of Nemelex Xobeh.
  4853 | D:5      | Entered Level 5 of the Dungeon
  5144 | D:5      | HP: 2/41 [acid (8)]
  5145 | D:5      | Splashed by a jelly's acid

Illustrated notes

Levels and vault maps discovered:
D:1:      amcnicky_arrival_feature_with_door, layout_basic, serial_forest,
          infiniplex_forest_clump_curved, infiniplex_forest_clump_double,
          infiniplex_forest_straight_5, infiniplex_forest_end_2,
          infiniplex_forest_clump_long, infiniplex_forest_lined_room_,
          cheibriados_altar_1
D:2:      minmay_alternating_diamond, layout_basic
D:3:      layout_basic, old_standard_altar, hex_tiny, kennysheep_generic_room_16
D:4:      layout_loops_cross, gammafunk_temple_overflow_forgotten,
          gup_sewer_entry_bowl
D:5:      layout_loops_corners, lemuel_doored_altar,
          minmay_temple_entry_statues_pillars, st_stairs_2, grunt_ministairs_8,
          dk_xom_monty_hall, uniq_pikel

Skill      XL: |  1  2  3  4  5  6 |
---------------+-------------------+-----
Stealth        | 1 2 |  2.9
Fighting       | 2 |  2.5
Short Blades   | 3 4 |  4.2
Armour         | 2 |  2.1
Spellcasting   | 2 |  2.0
Throwing       | |  1.5
Dodging        | |  2.9
Translocations | |  3.9
Invocations    | |  0.8

Action                   |  1- 3 |  4- 6 || total
-------------------------+-------+-------++-------
Melee: Short sword       |   114 |   262 ||   376
 Fire: Hunting sling     |       |    51 ||    51
Throw: Boomerang         |       |     5 ||     5
  Use: Scroll            |     4 |    11 ||    15
       Potion            |     3 |       ||     3
 Stab: Sleeping          |     2 |     6 ||     8
Armor: Leather armour    |    23 |    34 ||    57
       Skin              |     8 |       ||     8
Dodge: Dodged            |   107 |   156 ||   263
